Map: Ascension to Aiur LE

Players

Element - Winner!

  • Race: Terran Terran
  • League: Gold
  • Spawn Location: 11:00

Yata

  • Race: Zerg Zerg
  • League: Gold
  • Spawn Location: 5:00

VOD

Have the link to the VOD?

Description

Time

  • Played on: Sept. 6, 2017, midnight
  • Length: 23:21
Show
View Real Time Build Order
Export as new Build Order

Element Terran - Winner!

Build Orders: MMM Bio 

Get SALT Encoding   

  12  0:01  SCV  
  13  0:13  SCV  
  14  0:24  Supply Depot  
  14  0:28  Refinery, SCV  
  15  0:46  SCV  
  16  0:58  SCV  
  17  1:10  SCV  
  18  1:12  Barracks  
  18  1:22  SCV  
  19  1:26  Engineering Bay  
  19  1:34  SCV  
  19  1:35  Supply Depot  
  20  1:47  SCV  
  21  1:57  Supply Depot  
  21  2:00  Supply Depot  
  21  2:04  Barracks Tech Lab  
  21  2:05  Orbital Command  
  21  2:17  Terran Infantry Weapons Level 1  
  21  2:22  Marine, Stimpack  
  22  2:31  Bunker  
  22  2:35  SCV  
  23  2:41  Marine  
  24  2:59  Command Center  
  24  3:03  Marine  
  24  3:05  SCV  
  26  3:18  SCV  
  27  3:22  Barracks  
  27  3:23  Marine  
  28  3:30  SCV  
  29  3:42  SCV  
  29  3:46  Barracks  
  30  3:50  Barracks  
  30  3:51  Marine  
  30  3:54  SCV  
  32  4:07  SCV  
  32  4:08  Marine  
  34  4:11  Terran Infantry Armor Level 1, Orbital Command  
  34  4:14  Barracks Reactor  
  34  4:19  SCV  
  35  4:26  Marine  
  35  4:35  SCV  
  34  4:39  Barracks Reactor x2  
  34  4:41  Barracks  
  34  4:48  SCV x2  
  36  4:55  Marine x2  
  38  5:00  Combat Shields, SCV x2  
  40  5:09  Marine  
  40  5:12  SCV  
  40  5:13  Marine x2  
  44  5:19  Supply Depot  
  44  5:22  Marine  
  44  5:23  Marine x3  
  44  5:27  Marine  
  50  5:28  SCV  
  50  5:29  SCV  
  51  5:37  Barracks Tech Lab  
  51  5:40  SCV  
  51  5:41  SCV  
  53  5:47  Marine  
  53  5:48  Marine x4  
  58  5:52  SCV  
  58  5:53  Marine, SCV  
  61  5:58  Supply Depot  
  61  6:04  Marine  
  61  6:06  Marauder  
  61  6:10  Supply Depot  
  64  6:18  Concussive Shells  
  64  6:19  Supply Depot  
  64  6:21  Supply Depot  
  64  6:23  Marine x2  
  64  6:24  Marine x2  
  68  6:26  Marine  
  68  6:28  Marine  
  68  6:30  Marine  
  68  6:31  Marine  
  62  6:42  Supply Depot  
  62  6:47  Marine x6  
  62  6:48  Marine  
  69  6:58  Marine  
  69  7:00  Building Armor  
  70  7:03  SCV x2  
  70  7:04  Supply Depot  
  70  7:06  Refinery  
  70  7:07  Refinery  
  72  7:08  Marine  
  72  7:09  Marine  
  72  7:11  Marine  
  72  7:14  Marine x2  
  72  7:15  SCV x2  
  79  7:16  Marine  
  79  7:20  Marauder  
  82  7:30  Factory  
  82  7:35  SCV  
  82  7:36  SCV  
  84  8:00  Command Center  
  84  8:03  Marine x2, Marauder x2  
  84  8:04  Marine x4  
  94  8:18  Supply Depot  
  94  8:22  Marine x5  
  94  8:23  Marine  
  100  8:30  Factory Reactor, Starport  
  100  8:40  Supply Depot, Hi-Sec Auto Tracking  
  100  8:41  Refinery  
  98  8:48  Marine x3  
  82  8:49  Marine x5  
  86  9:06  Marine x5  
  86  9:07  Marine x2  
  86  9:09  Marine  
  94  9:24  Marine x3  
  94  9:27  Factory Tech Lab  
  97  9:36  Refinery  
  97  9:40  Medivac x2  
  97  9:41  Refinery  
  101  9:50  Marauder x2  
  102  9:56  Marine  
  102  9:57  Marine x3  
  102  9:58  Marine  
  107  10:00  Marine  
  108  10:11  Marauder  
  108  10:12  Marauder  
  80  10:22  Marine x4  
  80  10:23  Marine  
  80  10:25  Marine  
  80  10:27  Medivac  
  80  10:28  Medivac  
  90  10:32  Marine, Marauder  
  90  10:33  Planetary Fortress  
  90  10:34  SCV x2  
  95  10:40  Marine x2  
  97  10:44  Marine  
  97  10:46  SCV x2  
  97  10:48  Marine x2  
  97  10:49  Marine  
  103  10:52  Marine  
  104  10:58  SCV  
  104  10:59  SCV  
  104  11:00  Marine  
  104  11:01  Marine x2  
  109  11:07  Supply Depot  
  109  11:11  SCV x2  
  111  11:20  Marine x6, Marauder  
  111  11:24  Marauder  
  121  11:30  Supply Depot  
  114  11:52  Marine, Marauder  
  114  11:53  Marine x4, Marauder  
  84  12:01  Siege Tank  
  84  12:03  Marine  
  84  12:08  SCV x3  
  85  12:13  Marauder  
  85  12:14  Marauder  
  90  12:20  SCV x2  
  92  12:24  Liberator  
  92  12:25  Liberator  
  92  12:33  Siege Tank  
  88  12:39  Marine x3, Marauder x2  
  88  12:40  Marine x3  
  104  12:57  Marine x4  
  108  13:01  Marauder x2  
  108  13:03  Command Center  
  112  13:05  Siege Tank  
  112  13:06  Marine x2  
  112  13:07  Missile Turret  
  117  13:19  Missile Turret  
  117  13:20  Missile Turret  
  117  13:29  Neosteel Frame  
  117  13:33  Armory  
  117  13:37  Siege Tank  
  117  13:39  Missile Turret  
  117  13:40  Engineering Bay  
  120  13:44  Marine  
  120  13:45  Marine x7  
  128  14:02  Marine x2  
  130  14:10  Starport  
  130  14:13  Starport Tech Lab  
  130  14:20  Terran Infantry Armor Level 2  
  130  14:21  Marine x5  
  130  14:22  Marine  
  137  14:25  Marauder x2  
  137  14:26  Siege Tank  
  132  15:23  Planetary Fortress  
  132  15:25  SCV x3  
  135  15:31  Liberator x3  
  135  15:37  SCV x3  
  138  15:45  Marine x4, Marauder x2  
  138  15:46  Marine  
  138  15:47  Siege Tank  
  138  15:49  SCV x2  
  162  15:50  Refinery, SCV  
  162  15:52  Refinery  
  162  15:55  Fusion Core  
  162  15:56  Terran Vehicle And Ship Armor Level 1  
  162  15:59  Terran Infantry Weapons Level 2  
  162  16:01  SCV x2  
  162  16:02  Armory  
  164  16:28  SCV x3  
  152  17:08  Liberator x3  
  132  17:25  Siege Tank  
  132  17:26  Marine x3  
  132  17:27  Marine x3, Marauder x2  
  154  17:38  Advanced Ballistics  
  154  17:41  Weapon Refit  
  154  17:43  Terran Infantry Armor Level 3  
  154  17:44  Marine  
  154  17:49  Marauder  
  157  17:51  Terran Ship Weapons Level 1  
  157  17:53  Marine x5, Marauder  
  157  17:55  Liberator  
  157  17:57  Liberator, Supply Depot  
  157  17:58  Liberator  
  164  18:00  Supply Depot  
  164  18:05  Marine  
  165  18:06  Supply Depot  
  165  18:08  Siege Tank  
  165  18:10  Marauder  
  165  18:11  Marine  
  171  18:13  Terran Vehicle Weapons Level 1  
  159  18:22  Supply Depot  
  139  18:28  Supply Depot  
  119  18:50  Supply Depot  
  119  19:16  Marine x3, Marauder x2  
  122  19:46  Liberator x3  
  122  19:48  Marine x5, Marauder x2  
  122  19:49  Marine  
  132  20:02  Siege Tank  
  132  20:05  Terran Infantry Weapons Level 3  
  132  20:06  Terran Vehicle And Ship Armor Level 2, Marine x3  
  147  20:07  Terran Ship Weapons Level 2  
  147  20:09  Marine, Marauder  
  147  20:10  Marine x2, Marauder  
  154  20:16  Command Center  
  154  20:18  Refinery  
  154  20:19  SCV x4  
  158  20:23  Marine  
  158  20:24  Marine x2  
  158  20:27  Marine x2  
  158  20:28  Marine  
  164  20:29  Liberator  
  164  20:31  SCV x2, Marauder x2  
  170  20:35  Liberator  
  170  20:36  Liberator  
  170  20:41  Marine x2  
  170  20:42  Marine  
  173  20:45  Marine x2  
  178  20:50  Command Center  
  178  20:52  Siege Tank  
  178  20:55  Marine x2  
  178  20:56  Marauder  
  191  20:59  Marine x3  
  194  21:08  SCV  
  194  21:09  SCV x3  
  198  21:13  Marauder  
  135  21:49  Liberator x3  
  129  22:03  Marine x4  
  129  22:04  Marine x4  
  129  22:05  Siege Tank  
  151  22:22  Marine  
  151  22:23  Marine x4, Marauder x2  
  148  22:44  Marauder  
  129  23:01  Marine x4  
  129  23:02  Marine x3  
Show
View Real Time Build Order
Export as new Build Order

Yata Zerg 

Build Orders: Hatch First 

Get SALT Encoding   

  12  0:01  Drone  
  13  0:14  Drone  
  13  0:17  Overlord  
  14  0:35  Drone x2  
  16  0:36  Drone  
  17  0:56  Hatchery  
  17  0:57  Drone  
  17  1:06  Drone  
  17  1:10  Extractor  
  17  1:20  Drone, Spawning Pool  
  17  1:22  Drone  
  18  1:30  Drone  
  19  1:41  Overlord  
  19  1:53  Drone  
  20  2:02  Drone  
  20  2:07  Queen  
  23  2:08  Queen  
  23  2:13  Zergling x4  
  23  2:14  Metabolic Boost  
  27  2:20  Drone  
  28  2:27  Drone  
  29  2:32  Drone  
  30  2:40  Baneling Nest  
  29  2:45  Drone x2  
  31  3:04  Zergling x4  
  31  3:05  Zergling x4  
  35  3:14  Overlord x2  
  35  3:21  Zergling x2  
  36  3:41  Evolution Chamber  
  35  3:43  Queen  
  35  3:47  Extractor  
  35  3:48  Drone x4  
  37  3:49  Drone x4  
  37  3:53  Overlord  
  44  3:56  Baneling x3, Hatchery  
  44  3:57  Baneling x2  
  44  4:01  Overlord  
  43  4:09  Zerg Missile Weapons Level 1  
  36  4:41  Drone  
  36  4:43  Extractor  
  36  4:44  Lair  
  36  4:49  Roach Warren  
  36  4:51  Queen  
  37  4:56  Drone x3  
  37  4:57  Drone  
  41  5:01  Overlord x2  
  41  5:15  Zergling x2  
  41  5:16  Zergling x20  
  52  5:23  Drone x2  
  54  5:42  Glial Reconstitution  
  54  5:47  Drone x2  
  54  5:48  Drone x6  
  54  5:49  Drone x2  
  64  5:59  Spore Crawler  
  64  6:00  Spore Crawler  
  64  6:03  Spore Crawler  
  61  6:06  Zerg Ground Armor Level 1  
  61  6:10  Baneling  
  61  6:11  Baneling x4  
  61  6:24  Roach  
  61  6:25  Roach x4  
  60  6:40  Zergling x10  
  60  6:41  Zergling x10  
  70  6:57  Hydralisk Den  
  69  7:06  Roach  
  69  7:07  Roach  
  73  7:09  Overlord x4  
  73  7:21  Baneling x2  
  73  7:22  Baneling x3  
  73  7:23  Baneling  
  73  7:26  Centrifical Hooks  
  73  7:29  Pneumatized Carapace  
  73  7:30  Hatchery  
  73  7:35  Hydralisk x3  
  78  7:40  Roach  
  78  7:41  Roach  
  82  7:45  Drone x2  
  82  7:46  Drone  
  81  8:04  Zerg Missile Weapons Level 2  
  75  8:06  Hydralisk x4  
  75  8:12  Drone x4  
  87  8:16  Muscular Augments  
  87  8:19  Extractor  
  86  8:20  Extractor  
  86  8:21  Extractor  
  84  8:28  Roach x3  
  84  8:31  Zergling x4  
  92  8:46  Roach  
  92  8:47  Roach x5  
  92  8:48  Roach  
  72  9:07  Roach  
  72  9:08  Roach x6  
  86  9:25  Roach x5  
  86  9:26  Roach  
  94  9:37  Roach x2  
  98  9:40  Overlord x6  
  98  10:02  Roach x5  
  108  10:11  Hatchery  
  108  10:12  Roach  
  108  10:13  Roach x4  
  95  10:19  Roach x2  
  91  10:27  Roach  
  91  10:28  Roach x3  
  99  10:41  Roach x5  
  99  10:42  Roach  
  111  10:58  Roach  
  111  10:59  Roach x3  
  119  11:13  Zergling x2  
  119  11:14  Zergling x10  
  125  11:19  Roach  
  127  11:27  Zergling x8  
  126  11:40  Baneling x4  
  126  11:41  Baneling x2  
  122  11:49  Zerg Ground Armor Level 2  
  104  11:56  Infestation Pit  
  104  11:57  Roach  
  99  12:06  Hatchery  
  99  12:07  Drone  
  99  12:08  Drone x7  
  106  12:27  Roach  
  106  12:28  Roach x3  
  104  12:41  Roach x3  
  110  12:53  Ravager  
  110  12:58  Hive  
  111  13:06  Drone  
  111  13:07  Drone x6  
  111  13:08  Drone x3  
  121  13:20  Evolution Chamber  
  121  13:23  Lurker Den  
  121  13:25  Queen  
  122  13:29  Roach  
  122  13:30  Roach x7  
  138  13:36  Queen  
  138  13:38  Drone x3  
  143  13:53  Overlord x4  
  143  13:54  Overlord x3  
  143  14:02  Extractor  
  142  14:06  Extractor  
  141  14:11  Drone x7  
  141  14:16  Hydralisk  
  150  14:22  Hydralisk  
  150  14:23  Hydralisk x4  
  160  14:25  Hatchery  
  159  14:48  Hydralisk  
  159  14:49  Hydralisk x8  
  177  14:55  Hydralisk x2  
  181  15:02  Hydralisk  
  163  15:17  Roach  
  163  15:18  Roach x9  
  167  15:24  Roach  
  167  15:34  Roach x2  
  167  15:35  Roach  
  173  15:37  Lurker x3  
  173  15:42  Roach x2  
  180  16:12  Roach  
  180  16:13  Roach x9  
  200  16:19  Zerg Missile Weapons Level 3  
  200  16:20  Zerg Ground Armor Level 3  
  93  17:09  Roach  
  93  17:10  Roach x26  
  93  17:11  Roach x3  
  138  17:19  Queen  
  134  17:31  Ultralisk Cavern  
  134  17:34  Hydralisk  
  134  17:35  Hydralisk x4  
  143  17:42  Roach x3  
  143  17:43  Roach  
  151  17:51  Hydralisk x2  
  155  18:02  Extractor x2  
  155  18:03  Hydralisk x3  
  159  18:09  Ravager  
  112  18:30  Roach x9  
  112  18:31  Roach x2  
  130  18:38  Hydralisk  
  130  18:39  Hydralisk  
  124  18:46  Hydralisk  
  124  18:47  Hydralisk  
  107  18:56  Hydralisk  
  107  18:57  Hydralisk x2  
  105  19:15  Hydralisk  
  105  19:16  Hydralisk x4  
  89  19:36  Hydralisk x4  
  95  19:44  Hydralisk x2  
  96  19:50  Hydralisk  
  97  20:03  Hydralisk  
  97  20:04  Hydralisk  
  99  20:12  Hydralisk  
  99  20:13  Hydralisk x2  
  105  20:28  Hydralisk x3  
  111  20:35  Hydralisk  
  111  20:36  Hydralisk x2  
  117  20:45  Lurker  
  118  21:02  Lurker x2  
  120  21:07  Hydralisk x2  
  124  21:18  Hydralisk x2  
  120  21:38  Hatchery  
  72  22:09  Hydralisk  
  72  22:10  Hydralisk x13  
  94  22:19  Hydralisk x2  
  96  22:40  Hydralisk x6  
  86  22:59  Roach  
Tags
 
Composition
MMM Bio
League
GoldGold
Matchup
TvZ
Replay Pack
Pack 1
Spawn Locations
Cross Positions
Add a new tag
Caveats
  • Supply blocks, unpowered buildings, or Contaminate may cause inaccurate times.
  • Supply counts are checked every 10 seconds.